 Dungeon Crawl Stone Soup version 0.31-a0-38-g1548c4f2a5 (webtiles) character file.

Game seed: 11624457865059327400

154 mortress the Ducker (level 5, 39/39 HPs)
             Began as a Djinni Gladiator on July 1, 2021.
             Quit the game on level 2 of the Dungeon on May 16, 2023.
             The game lasted 00:13:34 (2422 turns).

mortress the Ducker (Djinni Gladiator)              Turns: 2422, Time: 00:13:34

Health: 39/39      AC:  5    Str: 13    XL:     5   Next: 63%
Gold:   28         EV: 13    Int: 11    God:
                   SH:  0    Dex: 14

rFire   + + .        a - +0 long sword
rCold   x . .        (no shield)
rNeg    . . .        b - +0 leather armour
rPois   ∞            c - +0 helmet
rElec   .            i - +0 cloak
rCorr   .            (no gloves)
SInv    .            (boots unavailable)
Will    .....        (no amulet)
Stlth   +            (no ring)
HPRegen 0.26/turn    (no ring)
MPRegen 0.00/turn

%: no passive effects
@: flying
A: sickness immunity, fire resistance 2, cold vulnerability 1, float, innate
caster, HP casting, extra vitality 1
a: no special abilities


You were on level 2 of the Dungeon.
You visited 1 branch of the dungeon, and saw 2 of its levels.

You collected 28 gold pieces.

Inventory:

Hand Weapons
 a - a +0 long sword (weapon)
Missiles
 m - 2 throwing nets (quivered)
Armour
 b - a +0 leather armour (worn)
 c - a +0 helmet (worn)
 i - a +0 cloak (worn)
Jewellery
 l - a ring of willpower
Wands
 d - a wand of flame (16)
Scrolls
 f - a scroll of summoning {unknown}
 h - a scroll of fog {unknown}
 j - 2 scrolls of identify {unknown}
 k - a scroll of magic mapping {unknown}
 n - a scroll of amnesia {unknown}
Potions
 e - a potion of brilliance {unknown}
 g - a potion of might
 o - a potion of haste {unknown}
 p - a potion of curing {unknown}


   Skills:
 + Level 2.5 Fighting
 + Level 3.6 Long Blades
 + Level 2.0 Throwing
 - Level 1.9 Armour
 + Level 4.1 Dodging
 - Level 0.3 Stealth
 + Level 0.5 Spellcasting


You knew the following spells:

 Your Spells              Type           Power      Damage    Failure   Level
a - Pain                  Necr           4%         1d4       34%         1
Your spell library was empty.

Dungeon Overview and Level Annotations

Branches:
Dungeon (2/15)

Altars:

Annotations:
D:2 Natasha


Innate Abilities, Weirdness & Mutations

You are immune to sickness and miasma.
You are immune to poison.
Your flesh is very heat resistant. (rF++)
You are vulnerable to cold. (rC-)
You float through the air rather than walking.
You learn spells naturally, not from books.
Your magical power is your life essence.
You have superior vitality. (+4 MHP)


Message History

You hit the hound but do no damage.
The hound is heavily wounded.
The hound pauses to sniff the ground.
The hound closely misses you. The hound barely misses you.
You hit the hound.
The hound is almost dead.
The hound bites you but does no damage.
You barely miss the hound.
The hound is almost dead.
The hound barely misses you. The hound bites you.
You closely miss the hound.
The hound is almost dead.
The hound bites you but does no damage. The hound bites you.
You barely miss the hound.
The hound is almost dead.
The hound bites you but does no damage. The hound barely misses you.
You slash the hound!
You kill the hound!
Your Throwing skill increases to level 2!
Okay, then.
Found 7 boomerangs.
Level annotation: Natasha Welcome back, mortress the Djinni Gladiator.
Press ? for a list of commands and other information.
n - a scroll labelled OMEUCUF NUTOASCH
Found a stone staircase leading down.
There is a stone staircase leading down here.
Found a blue potion.
o - a blue potion
Found a red potion.
p - a red potion Level annotation: Natasha Welcome back, mortress the Djinni Gladiator.
Press ? for a list of commands and other information.
You swing at nothing.
Level annotation: Natasha Welcome back, mortress the Djinni Gladiator.
Press ? for a list of commands and other information.
Okay, then.
Are you sure you want to abandon this character and quit the game? (Confirm with "yes".)

##.###...#.# ####.....###
#........♣.♣ #...........
##.#.#.#..##.# #.##........
##.##.##.#.#♣.♣###.###...##..
#.#...[..#.##...........####.
##.....#.#.#♣.♣###.#########.
##.###...#..##.####.# #...
#..# #.....>.♣.♣....#######.##
#..###...##..@.###.....)......
#.#....<####.♣.♣##.###########
#.##.#.## #....##.#
#.##.#.#######..##..
####.##.......# #..##.##
#.P..####.###.# #..##<.#.
P..P.# #.###.###..##.#.# ###
#.♣.## #.##............. ...
#.#.# #...............# #.# #


There were no monsters in sight!

Vanquished Creatures
  A hound (D:2)
  Terence (D:2)
  Natasha (twice) (D:2)
  2 adders (D:2)
  3 ball pythons
  4 endoplasms
  3 giant cockroaches
  5 goblins
  A hobgoblin (D:1)
  5 jackals
  2 kobolds (D:2)
  2 bats (D:2)
  3 rats
34 creatures vanquished.

Notes
Turn   | Place    | Note
-------+----------+-------------------------------------------
     0 | D:1      | mortress the Djinni Gladiator began the quest for the Orb.
     0 | D:1      | Reached XP level 1. HP: 18/18 MP: 0/0
   422 | D:1      | Reached XP level 2. HP: 18/23 MP: 0/0
  1164 | D:2      | Reached skill level 1 in Armour
  1164 | D:2      | Reached XP level 3. HP: 26/28 MP: 0/0
  1164 | D:2      | Learned a level 1 spell: Pain
  1471 | D:2      | Noticed Natasha
  1484 | D:2      | Killed Natasha
  1485 | D:2      | Reached XP level 4. HP: 8/33 MP: 0/0
  1738 | D:2      | Noticed Natasha
  1746 | D:2      | Noticed Terence
  1771 | D:2      | Killed Natasha
  1795 | D:2      | Noticed Natasha
  1959 | D:2      | Upgraded the game from 0.27-a0-1416-g941b2bd30b to
                  | 0.28-a0-1382-g92835e5c71
  1964 | D:2      | Killed Terence
  1965 | D:2      | Reached skill level 4 in Dodging
  1965 | D:2      | Reached XP level 5. HP: 24/39 MP: 0/0
  1965 | D:2      | Learned a level 7 spell: Corpse Rot
  2307 | D:2      | Upgraded the game from 0.28-a0-1382-g92835e5c71 to
                  | 0.29-a0-284-gf9362112df
  2411 | D:2      | Upgraded the game from 0.29-a0-284-gf9362112df to
                  | 0.30-a0-381-g6ea064c7b4
  2414 | D:2      | Upgraded the game from 0.30-a0-381-g6ea064c7b4 to
                  | 0.31-a0-38-g1548c4f2a5
  2422 | D:2      | Quit the game

Illustrated notes

Levels and vault maps discovered:
D:1:      psy_arrival_dodecagon, layout_loops_ring
D:2:      layout_loops_ring, serial_forest, infiniplex_forest_clump_tiny,
          infiniplex_forest_lined_1, infiniplex_forest_clump_small,
          infiniplex_forest_lined_3, infiniplex_forest_lined_4_way,
          infiniplex_forest_lined_3, infiniplex_forest_zigzag_1, uniq_terence,
          uniq_natasha

Skill      XL: |  1  2  3  4  5 |
---------------+----------------+-----
Armour         | 1 |  1.9
Long Blades    | 3 |  3.6
Dodging        | 4 |  4.1
Throwing       | 2 |  2.0
Fighting       | |  2.5
Stealth        | |  0.3
Spellcasting   | |  0.5

Action                     |  1- 3 |  4- 6 || total
---------------------------+-------+-------++-------
  Melee: Long sword        |    73 |    54 ||   127
  Throw: Throwing net      |     3 |       ||     3
    Use: Potion            |     1 |       ||     1
 Armour: Leather armour    |    24 |    20 ||    44
  Dodge: Dodged            |    60 |    55 ||   115
Riposte: Long sword        |    22 |     1 ||    23

Table legend: (Time is in decaauts)
 A = Elapsed time spent in this place.
 B = Non-inter-level travel time spent in this place.
 C = Inter-level travel time spent in this place.
 D = Time resting spent in this place.
 E = Time spent auto-exploring this place.
 F = Levels seen in this place.
 G = Mean time per level.
                   A        B        C        D        E       F      G
               +--------+--------+--------+--------+--------+-----+--------+
         Total |   2452 |   2393 |     59 |    358 |   1463 |   2 | 1226.0 |
       Dungeon |   2452 |   2393 |     59 |    358 |   1463 |   2 | 1226.0 |
               +--------+--------+--------+--------+--------+-----+--------+

Top non-repeatable levels by time:
     D:2: 1382 daAuts
     D:1: 1069 daAuts
